 Dungeon Crawl Stone Soup version 0.24-a0-458-gfcb5e6da0e (webtiles) character file.

Game seed: 1104230646771562217

9 Iscandelvey the Vexing (level 2, 19/21 HPs)
             Began as a Demonspawn Arcane Marksman on June 27, 2019.
             Quit the game on level 1 of the Dungeon.
             The game lasted 00:00:08 (112 turns).

Iscandelvey the Vexing (Demonspawn Arcane Marksman)  Turns: 112, Time: 00:00:09

Health: 19/21      AC:  2    Str: 10    XL:     2   Next: 3%
Magic:  3/3        EV: 12    Int: 14    God:
Gold:   12         SH:  0    Dex: 13    Spells: 2/3 levels left

rFire    . . .     SeeInvis .   a - +0 hunting sling
rCold    . . .     Gourm    .   (no shield)
rNeg     . . .     Faith    .   e - +0 robe
rPois    .         Spirit   .   (no helmet)
rElec    .         Reflect  .   (no cloak)
rCorr    .         Harm     .   (no gloves)
MR       .....                  (no boots)
Stlth    ++........             (no amulet)
HPRegen  0.07/turn              (no ring)
MPRegen  0.08/turn              (no ring)

@: no status effects
A: nightstalker 1
a: no special abilities


You were on level 1 of the Dungeon.
You were not hungry.

You visited 1 branch of the dungeon, and saw 1 of its levels.

You collected 12 gold pieces.

Inventory:

Hand Weapons
 a - a +0 hunting sling (weapon)
Missiles
 b - 29 stones
 d - 8 sling bullets (quivered)
Armour
 e - a +0 robe (worn)
Comestibles
 f - a ration


   Skills:
 + Level 1.0 Fighting
 + Level 2.0 Slings
 + Level 1.8 Dodging
 + Level 1.0 Spellcasting
 + Level 3.3 Hexes


You had 2 spell levels left.
You knew the following spells:

 Your Spells              Type           Power        Failure   Level  Hunger
a - Corona                Hex            ##.....      7%          1    ##.....

Your spell library contained the following spells:

 Spells                   Type           Power        Failure   Level  Hunger
 Slow                     Hex            ##......     10%         2    ###....
 Inner Flame              Hex/Fire       #.......     36%         3    ####...
 Portal Projectile        Hex/Tloc       #.....       36%         3    ####...
 Cause Fear               Hex            ##........   54%         4    #####..
 Leda's Liquefaction      Hex/Erth       #.........   78%         4    #####..


Dungeon Overview and Level Annotations

Branches:
Dungeon (1/15)

Altars:


Innate Abilities, Weirdness & Mutations

You are slightly more attuned to the shadows.


Message History

You kill the kobold!
A goblin comes into view.
There is an open door here.
You see here a goblin corpse.
A goblin is nearby!
Firing (i - inventory. (/) - cycle)
d - 10 sling bullets (quivered)
Press: ? - help, Shift-Dir - straight line, f - goblin
Aim: a goblin You shoot a sling bullet.
The sling bullet hits the goblin.
The goblin is heavily wounded.
A goblin is nearby!
Firing (i - inventory. (/) - cycle)
d - 9 sling bullets (quivered)
Press: ? - help, Shift-Dir - straight line, f/p - goblin
Aim: a goblin (heavily wounded)
You shoot a sling bullet. The sling bullet hits the goblin!
You kill the goblin!
You have reached level 2!
Your demonic ancestry asserts itself...
You slip into the darkness of the dungeon.
Are you sure you want to abandon this character and quit the game? (Confirm with "yes".)

#######
#......#################
+(.(!.(@............†...
#......##############..#
#...?.. ##.# #...(.. #.#
((.#### #.. .. ####. .
#.... #.### # #


There were no monsters in sight!

Vanquished Creatures
  A dart slug (D:1)
  2 goblins (D:1)
  A hobgoblin (D:1)
  2 frilled lizards (D:1)
  A kobold (D:1)
7 creatures vanquished.

Notes
Turn   | Place    | Note
-------+----------+-------------------------------------------
     0 | D:1      | Iscandelvey the Demonspawn Arcane Marksman began the quest
                  | for the Orb.
     0 | D:1      | Reached XP level 1. HP: 15/15 MP: 2/2
   111 | D:1      | Gained mutation: You are slightly more attuned to the
                  | shadows. [demonic ancestry]
   111 | D:1      | Reached XP level 2. HP: 19/21 MP: 3/3
   112 | D:1      | Quit the game

Levels and vault maps discovered:
D:1:      ldierk_walled_garden, layout_basic

Skill      XL: |  1 |
---------------+----+-----
Slings         | 2 |  2.0
Fighting       | |  1.0
Dodging        | |  1.8
Spellcasting   | |  1.0
Hexes          | |  3.3

Action                   || total
-------------------------++-------
 Fire: Hunting sling     ||    22

Table legend:
 A = Non-vault XP
 B = Vault XP
 C = Vault XP percentage of total XP
 D = Non-vault monster count
 E = Vault monster count
 F = Vault count percentage of total count
                 A         B        C        D         E       F
            +---------+---------+-------+---------+---------+-------
      Total |      13 |       0 |   0.0 |       7 |       0 |   0.0
            +---------+---------+-------+---------+---------+-------
        D:1 |      13 |       0 |   0.0 |       7 |       0 |   0.0
            +---------+---------+-------+---------+---------+-------
